 Dungeon Crawl Stone Soup version 0.31-a0-358-gac0dbeb3ab (webtiles) character file.

Game seed: 6248547800492376229

10 hashsling the Covered (level 2, -2/19 HPs)
             Began as a Gargoyle Fighter on July 25, 2023.
             Slain by a kobold
             ... wielding a +2 short sword of draining
              (6 damage)
             ... on level 1 of the Dungeon.
             The game lasted 00:01:02 (131 turns).

hashsling the Covered (Gargoyle Fighter)             Turns: 131, Time: 00:01:02

Health: -2/19      AC:  9    Str: 19    XL:     2   Next: 20%
Magic:  2/2        EV:  9    Int:  8    God:
Gold:   4          SH:  4    Dex:  9    Spells: 1/1 levels left

rFire   . . .        f - staff of earth
rCold   . . .        c - +0 buckler
rNeg    + . .        b - +0 scale mail
rPois   ∞            (no helmet)
rElec   +            (no cloak)
rCorr   .            (no gloves)
SInv    .            (no boots)
Will    .....        (no amulet) Stlth
                     (no ring)
HPRegen 0.23/turn    (no ring)
MPRegen 0.08/turn

%: no passive effects
@: no status effects
A: sickness immunity, AC +2, negative energy resistance 1, electricity
resistance, torment resistance 1, petrification resistance
a: no special abilities


You were on level 1 of the Dungeon.
You visited 1 branch of the dungeon, and saw 1 of its levels.

You collected 4 gold pieces.

Inventory:

Hand Weapons
 a - a +0 flail
Armour
 b - a +0 scale mail (worn)
 c - a +0 buckler (worn)
 e - a +0 plate armour
Magical Staves
 f - a staff of earth (weapon)
Potions
 d - a potion of might


   Skills:
 + Level 3.4 Fighting
 - Level 2.3 Maces & Flails
 * Level 0.0(1.3) Staves
 + Level 3.4 Armour
 + Level 3.4 Shields


You had one spell level left.
You didn't know any spells.
Your spell library contained the following spells:

 Spells                   Type           Power      Damage    Failure   Level
 Dispel Undead            Necr           0%         3d6       100%        4
 Death Channel            Necr           0%         N/A       100%        6
 Cigotuvi's Dreadful Rot  Necr/Pois/Air  Unusable   N/A       N/A         2

Dungeon Overview and Level Annotations

Branches:
Dungeon (1/15)

Altars:

Shops:
D:1 [


Innate Abilities, Weirdness & Mutations

You are immune to sickness and miasma.
Your stone body is resilient. (AC +2)
You are immune to poison.
You resist negative energy. (rN+)
You are resistant to electric shocks. (rElec)
You are resistant to unholy torment.
You are immune to petrification.


Message History

The ball python barely misses you. The ball python constricts you.
You sock the ball python!
You kill the ball python!
No target in view!
You see here a staff of earth.
f - a staff of earth You pick up a book of Decay and begin reading...
You add the spells Dispel Undead and Death Channel to your library.
Okay, then.
f - a staff of earth (weapon)
2 endoplasms come into view.
The endoplasm quivers. x2
A ball python and a kobold come into view.
The kobold is wielding a +2 short sword of draining.
Found Nicuuph's Armour Shop.
The ball python hisses angrily.
The kobold shouts!
Found a robe and 4 poisoned darts.
Found a stone staircase leading down.
A quokka comes into view.
The endoplasm barely misses you.
The endoplasm hits you but does no damage.
You hit the endoplasm. You completely miss the endoplasm.
The endoplasm is moderately wounded.
The endoplasm hits you. The endoplasm freezes you.
You are frozen.
You hit the endoplasm. x2
You kill the endoplasm!
You block the ball python's attack. The ball python grabs you.
The ball python constricts you. The kobold hits you but does no damage.
The endoplasm freezes you.
You are frozen.
The ball python bites you.
* * * LOW HITPOINT WARNING * * *
The ball python constricts you.
You escape the ball python's grasp.
The kobold attacks as you move away! You block the kobold's attack.
The endoplasm attacks as you move away! The endoplasm completely misses you.
The kobold attacks as you move away!
The kobold hits you with a +2 short sword of draining.
You die...

#..### ###
...... ##...#
#.. .(.... ##..#
#.. ####......
#...#
#..#.......#
##...#
#..#.......#
....##
.[.......#.
...## #.S.......
.### #.J......#
.#
#####@K.......
.##
#........r.∩..
..####
###.####...##.#.
.....#####...#
....# #
..##.#.....###
>.#.#
#.##...#####
..#.# #..##..#
...#.# ##)#...##
## #†.†...#####.


You could see an endoplasm, a quokka, a ball python and a kobold.

Vanquished Creatures
  3 ball pythons (D:1)
  A bat (D:1)
  2 endoplasms (D:1)
  A goblin (D:1)
  A frilled lizard (D:1)
  A rat (D:1)
9 creatures vanquished.

Notes
Turn   | Place    | Note
-------+----------+-------------------------------------------
     0 | D:1      | hashsling the Gargoyle Fighter began the quest for the Orb.
     0 | D:1      | Reached XP level 1. HP: 14/14 MP: 1/1
    75 | D:1      | Reached XP level 2. HP: 17/19 MP: 2/2
   125 | D:1      | Found Nicuuph's Armour Shop.
   131 | D:1      | Slain by a kobold

Illustrated notes

Levels and vault maps discovered:
D:1:      minmay_arrival_open_corners, layout_rooms, serial_shops, shop,
          kennysheep_decorative_pillar

Action                     || total
---------------------------++-------
  Melee: Flail             ||    33
         Staff             ||     4
 Armour: Scale mail        ||    36
  Dodge: Dodged            ||    28
  Block: Buckler           ||    17

Table legend: (Time is in decaauts)
 A = Elapsed time spent in this place.
 B = Non-inter-level travel time spent in this place.
 C = Inter-level travel time spent in this place.
 D = Time resting spent in this place.
 E = Time spent auto-exploring this place.
 F = Levels seen in this place.
 G = Mean time per level.
                   A        B        C        D        E       F      G
               +--------+--------+--------+--------+--------+-----+--------+
         Total |    142 |    142 |      0 |      0 |     53 |   1 |  142.0 |
       Dungeon |    142 |    142 |      0 |      0 |     53 |   1 |  142.0 |
               +--------+--------+--------+--------+--------+-----+--------+

Top non-repeatable levels by time:
     D:1: 142 daAuts
